 Dungeon Crawl Stone Soup version 0.29.0-5-ge4962eb29e (webtiles) character file.

Game seed: 7761940706094387239

20 night the Stinger (level 2, 0/19 HPs)
             Began as a Demonspawn Venom Mage on Aug 28, 2022.
             Slain by Terence
             ... wielding a +0 falchion
              (3 damage)
             ... on level 1 of the Dungeon.
             The game lasted 00:02:12 (1370 turns).

night the Stinger (Demonspawn Venom Mage)           Turns: 1370, Time: 00:02:12

Health: 0/19       AC:  2    Str:  8    XL:     2   Next: 58%
Magic:  0/5        EV: 12    Int: 16    God:
Gold:   105        SH:  0    Dex: 13    Spells: 3/6 levels left

rFire   . . .      SeeInvis .   e - +0 dagger
rCold   . . .      Faith    .   (no shield)
rNeg    . . .      Spirit   .   a - +0 robe
rPois   .          Reflect  .   (no helmet)
rElec   .          Harm     .   (no cloak)
rCorr   .          Rampage  .   (no gloves)
Will    .....                   (no boots)
Stlth   ++........              (no amulet)
HPRegen 0.06/turn               (no ring)
MPRegen 0.09/turn               (no ring)

@: very slightly contaminated
A: weakness stinger 1
a: no special abilities


You were on level 1 of the Dungeon.
You visited 1 branch of the dungeon, and saw 2 of its levels.

You collected 105 gold pieces.

Inventory:

Hand Weapons
 e - a +0 dagger (weapon)
Missiles
 h - 3 poisoned darts
 j - 19 stones
Armour
 a - a +0 robe (worn)
 l - a +0 ring mail
Scrolls
 c - a scroll of noise {unknown}
 d - a scroll of teleportation {unknown}
 o - a scroll of poison {unknown}
Potions
 b - a potion of magic
 f - a potion of haste {unknown}
 g - a potion of curing {unknown}
 i - a potion of lignification {unknown}
 k - a potion of brilliance {unknown}
 m - a potion of attraction {unknown}
 n - a potion of flight {unknown}


   Skills:
 - Level 1.7 Dodging
 - Level 1.7 Stealth
 + Level 2.5 Spellcasting
 - Level 0.8 Transmutations
 + Level 3.5 Poison Magic


You had 3 spell levels left.
You knew the following spells:

 Your Spells              Type           Power      Damage    Failure   Level
a - Sting                 Tmut/Pois      36%        1d4       9%          1
b - Poisonous Vapours     Pois/Air       14%        N/A       14%         2

Your spell library contained the following spells:

 Spells                   Type           Power      Damage    Failure   Level
 Ignite Poison            Fire/Tmut/Pois 6%         N/A       32%         3
 Mephitic Cloud           Conj/Pois/Air  5%         N/A       36%         3
 Olgreb's Toxic Radiance  Pois           13%        N/A       43%         4
 Freezing Cloud           Conj/Ice/Air   1%         6-21      99%         5


Dungeon Overview and Level Annotations

Branches:
Dungeon (2/15)

Altars:

Annotations:
D:1 Terence


Innate Abilities, Weirdness & Mutations

You have a small tail.


Message History

Casting: Poisonous Vapours (safe; 14% risk of failure)
Confirm with . or Enter, or press ? or * to list all spells.
Aiming: Poisonous Vapours (safe; 14% risk of failure)
Press: ? - help, Dir - move target, f - Terence
Aim: Terence, wielding a +0 falchion and wearing a +0 scale mail (wandering, hasn't noticed you) Poisonous vapours surround Terence!
Terence is poisoned.
Terence shouts!
Casting: Poisonous Vapours (safe; 14% risk of failure)
Confirm with . or Enter, or press ? or * to list all spells.
You don't have enough magic to cast this spell.
There is a stone staircase leading up here.
A hobgoblin comes into view.
Terence looks more healthy.
Terence closely misses you.
You climb upwards.
There is a stone staircase leading down here.
Terence hits you with a +0 falchion! Terence barely misses you.
Casting: Poisonous Vapours (safe; 14% risk of failure)
Confirm with . or Enter, or press ? or * to list all spells.
Aiming: Sting (safe; 9% risk of failure)
Press: ? - help, Shift-Dir - straight line, f - Terence
Aim: Terence, wielding a +0 falchion and wearing a +0 scale mail (lightly wounded, 72% to hit)
The sting hits Terence but does no damage.
Terence is poisoned.
Terence is lightly wounded.
Terence hits you but does no damage. Terence attacks as you move away!
Terence hits you with a +0 falchion.
Casting: Sting (safe; 9% risk of failure)
Confirm with . or Enter, or press ? or * to list all spells.
Aiming: Sting (safe; 9% risk of failure)
Press: ? - help, Shift-Dir - straight line, f/p - Terence
Aim: Terence, wielding a +0 falchion and wearing a +0 scale mail (severely wounded, poisoned, 72% to hit)
You miscast Sting.
You are very lightly contaminated with residual magic.
Nothing appears to happen.
Terence looks more healthy.
Terence misses you. Terence attacks as you move away!
Terence hits you with a +0 falchion.
* * * LOW HITPOINT WARNING * * *
Terence attacks as you move away! Terence hits you with a +0 falchion.
You die...

#.#.#.....## #.# #..
#.#.#......########## #.# #..
###...................# #.####..
..........################.......
........................########.
..........############...........
...................# #..########.
..........#####@...# #..########.
.>........# #...@..# #..#......#.
....#####.####.....###......##.#.
....# #........................
....# ###....#######...........
....#######.##.# #..........#.#.
######......##.# #+#..........#.
#......##.####.##...........
#......##...##.##...........
#......####.'8.8'.#####....#


You could see Terence.

Vanquished Creatures
  A dart slug (D:1)
  A bat (D:1)
  An endoplasm (D:1)
  2 goblins (D:1)
  2 hobgoblins (D:1)
  3 quokkas (D:1)
  A frilled lizard (D:1)
  3 kobolds
  A rat (D:1)
15 creatures vanquished.

Notes
Turn   | Place    | Note
-------+----------+-------------------------------------------
     0 | D:1      | night the Demonspawn Venom Mage began the quest for the
                  | Orb.
     0 | D:1      | Reached XP level 1. HP: 13/13 MP: 3/3
   196 | D:1      | Gained mutation: You have a small tail. [demonic ancestry]
   196 | D:1      | Reached XP level 2. HP: 14/19 MP: 1/5
   505 | D:1      | Learned a level 2 spell: Poisonous Vapours
   764 | D:1      | Found a faded altar of an unknown god.
  1344 | D:2      | Noticed Terence
  1370 | D:1      | Slain by Terence

Illustrated notes

Levels and vault maps discovered:
D:1:      wander_arrival_chamber, layout_basic, ebering_ecumenical_altar_ruins
D:2:      layout_rooms, uniq_terence

Action                   || total
-------------------------++-------
Melee: Unarmed           ||     1
       Dagger            ||    10
       Tailslap          ||     1
 Cast: Sting             ||    16
       Poisonous Vapours ||    13
Armor: Robe              ||     4
Dodge: Dodged            ||    18
